 Dungeon Crawl Stone Soup version 0.18.1-1-g2f07953 (webtiles) character file.

51 Chiseanne the Ogre Mage (level 3, 0/35 HPs)
             Began as an Ogre Air Elementalist on May 7, 2016.
             Slain by Ijyb
             ... wielding a +0 dagger
              (1 damage)
             ... on level 2 of the Dungeon.
             The game lasted 00:02:28 (1962 turns).

Chiseanne the Ogre Mage (Ogre Air Elementalist)     Turns: 1962, Time: 00:02:28

Health: 0/35       AC:  3    Str: 13    XL:     3   Next: 81%
Magic:  6/6        EV: 10    Int: 14    God:
Gold:   50         SH:  0    Dex: 11    Spells: 2 memorised, 3 levels left

rFire  . . .     SeeInvis .     k - +0 mace
rCold  . . .     Gourm    .     a - +0 robe
rNeg   . . .     Faith    .     (no shield)
rPois  .         Spirit   .     (helmet restricted)
rElec  .         Dismiss  .     (no cloak)
rCorr  .         Reflect  .     (gloves unavailable)
SustAt .         Harm     .     (boots unavailable)
MR     .....                    (no amulet)
Stlth  +.........               (no ring)
                                (no ring)

@: repel missiles, not resistant to hostile enchantments, very unstealthy
A: unfitting armour, tough skin 1
a: no special abilities


You were on level 2 of the Dungeon.
You were not hungry.

You visited 1 branch of the dungeon, and saw 2 of its levels.

You collected 50 gold pieces.

Inventory:

Hand Weapons
 i - a +0 short sword
 k - a +0 mace (weapon)
Missiles
 e - 78 stones (quivered)
 m - 22 bolts
Armour
 a - a +0 robe (worn)
Scrolls
 f - a scroll of noise {unknown}
 h - a scroll of immolation {unknown}
Potions
 d - a potion of flight {unknown}
 g - 3 potions of curing {unknown}
 j - a potion of ambrosia {unknown}
 l - a potion of might {unknown}
 n - a potion of lignification {unknown}
Books
 b - a book of Air

   Spells                             Type                      Level
   a - Shock                          Conjuration/Air              1
   b - Swiftness                      Charms/Air                   2
   c - Repel Missiles                 Charms/Air                   2
   d - Static Discharge               Conjuration/Air              3
   e - Lightning Bolt                 Conjuration/Air              5
Comestibles
 c - a bread ration


   Skills:
 * Level 2.1 Fighting
 * Level 2.4 Maces & Flails
 - Level 1.1 Throwing
 * Level 2.1 Dodging
 + Level 1.6 Stealth
 - Level 2.4 Spellcasting
 - Level 0.6 Conjurations
 - Level 2.1 Air Magic


You had 3 spell levels left.
You knew the following spells:

 Your Spells              Type           Power        Failure   Level  Hunger
a - Shock                 Conj/Air       #...         14%         1    #......
b - Repel Missiles        Chrm/Air       #.....       24%         2    ###....


Dungeon Overview and Level Annotations

Branches:
Dungeon (2/15)

Altars:

Annotations:
D:2 Ijyb


Innate Abilities, Weirdness & Mutations

You are too large for most types of armour.
You have tough skin (AC +1).


Message History

Ijyb hits you with a dagger.
* * * LOW HITPOINT WARNING * * *
You closely miss Ijyb.
Ijyb is heavily wounded.
Ijyb hits you with a dagger.
* * * LOW HITPOINT WARNING * * *
You hit Ijyb.
Ijyb is heavily wounded.
Ijyb barely misses you.
You hit Ijyb.
Ijyb is heavily wounded.
Ijyb hits you but does no damage. Ijyb barely misses you.
You hit Ijyb.
Ijyb is heavily wounded.
Ijyb hits you with a dagger.
* * * LOW HITPOINT WARNING * * *
You hit Ijyb.
Ijyb is severely wounded.
Ijyb hits you with a dagger.
You die...

.....######.# ... ..##.#
#.# #.#
)###.######.###.###.#######
...............)....8.8.8.8
.###.#########..##.........
.# #.# #..##.....)... .#
#.### #..##......... .#
#.#.## #..##g........ .#
#....## #..@gg........
.###.....## #..##g.8.8.8.8
.##.>.....# #..###########
.###.....## #..# .#
##...######..# .#
##..........# .#
##.#######..# #####...##
#..# .........## ####


You could see Ijyb and 3 goblins.

Vanquished Creatures
  2 dart slugs (D:1)
  2 giant geckos
  5 bats
  7 giant cockroaches
  7 goblins
  2 hobgoblins (D:1)
  2 jackals (D:1)
  2 giant newts
  5 kobolds (D:1)
  6 rats (D:1)
40 creatures vanquished.

Notes
Turn   | Place    | Note
--------------------------------------------------------------
     0 | D:1      | Chiseanne the Ogre Air Elementalist began the quest for the Orb.
     0 | D:1      | Reached XP level 1. HP: 16/16 MP: 3/3
   144 | D:1      | Reached skill level 1 in Fighting
   144 | D:1      | Reached skill level 1 in Throwing
   151 | D:1      | Reached XP level 2. HP: 11/27 MP: 0/5
   694 | D:1      | Reached skill level 1 in Maces & Flails
   861 | D:1      | Reached XP level 3. HP: 35/35 MP: 2/6
  1561 | D:1      | Learned a level 2 spell: Repel Missiles
  1920 | D:2      | Noticed Ijyb
  1961 | D:2      | HP: 1/35 [Ijyb/dagger (3)]
  1962 | D:2      | Slain by Ijyb

Skill      XL: |  1  2  3 |
---------------+----------+-----
Fighting       | 1 2 |  2.1
Throwing       | 1 |  1.1
Maces & Flails | 1 2 |  2.4
Dodging        | 2 |  2.1
Stealth        | |  1.6
Spellcasting   | |  2.4
Conjurations   | |  0.6
Air Magic      | |  2.1

Action                   || total
-------------------------++-------
Melee: Dagger            ||    21
       Unarmed           ||     5
       Mace              ||   137
       Short sword       ||     2
 Cast: Shock             ||    19
       Repel Missiles    ||     1
 Stab: Sleeping          ||     2
  Eat: Chunk             ||     4
Armor: Robe              ||    79
Dodge: Dodged            ||   127
